 Dungeon Crawl Stone Soup version 0.31-a0-876-gfe8ebadbca (webtiles) character file.

Game seed: 10438741232007243303

312 LeprechaunX the Changeling (level 6, -6/41 HPs)
             Began as an Octopode Shapeshifter on Oct 13, 2023.
             Mangled by a gnoll
             ... wielding a +0 spear
              (9 damage)
             ... on level 4 of the Dungeon.
             The game lasted 00:04:06 (2585 turns).

LeprechaunX the Changeling (Octopode Shapeshifter)  Turns: 2585, Time: 00:04:07

Health: -6/41      AC: -3    Str: 15    XL:     6   Next: 42%
Magic:  6/6        EV: 14    Int: 12    God:
Gold:   116        SH:  0    Dex: 18    Spells: 5/5 levels left

rFire   . .          .
                       - Unarmed
rCold   . . .        (no shield)
rNeg    . . .        (helmet currently unavailable)
rPois   .            v - amulet of regeneration
rElec   .            q - +6 ring of dexterity
rCorr   .            (no ring)
SInv    .            (no ring)
Will    .....        (no ring)
Stlth   +++          (no ring)
HPRegen 1.06/turn    (no ring)
MPRegen 0.10/turn    (no ring)
                     (no ring)

%: no passive effects
@: beast-form, corroded
A: beast (slay +2), almost no armour, amphibious, 8 rings, camouflage 1,
gelatinous body 1, (nimble swimmer 1), tentacles
a: Begin Untransformation


You were on level 4 of the Dungeon.
You were a hulking beast.
You visited 1 branch of the dungeon, and saw 4 of its levels.

You collected 116 gold pieces.

Inventory:

Missiles
 h - 6 javelins (quivered)
 p - a boomerang
Jewellery
 q - a +6 ring of dexterity (left tentacle)
 v - an amulet of regeneration (around mantle)
Talismans
 b - a beast talisman (active)
 c - a flux talisman
Wands
 r - a wand of charming (8)
Scrolls
 e - a scroll of butterflies {unknown}
 g - a scroll of enchant weapon {unknown}
 i - 3 scrolls of identify {unknown}
 l - 2 scrolls of enchant armour {unknown}
 m - a scroll of noise {unknown}
 t - a scroll of teleportation {unknown}
Potions
 a - a potion of lignification
 d - a potion of mutation {unknown}
 f - a potion of heal wounds {unknown}
 j - a potion of invisibility {unknown}
 k - a potion of degeneration {unknown}
 n - a potion of enlightenment {unknown}
 o - a potion of brilliance {unknown}
 s - a potion of haste {unknown}
 u - a potion of magic {unknown}


   Skills:
 + Level 2.8 Fighting
 + Level 3.3 Dodging
 + Level 4.1 Unarmed Combat
 * Level 4.6 Shapeshifting


You had 5 spell levels left.
You didn't know any spells.
Your spell library contained the following spells:

 Spells                   Type           Power      Damage    Failure   Level
 Dazzling Flash           Conj/Hex       0%         N/A       69%         3
 Volatile Blastmotes      Fire/Tloc      0%         2d10      69%         3
 Starburst                Conj/Fire      0%         6d3       100%        6
 Maxwell's Capacitive Co  Air            0%         ∞         100%        8


Dungeon Overview and Level Annotations

Branches:
Dungeon (4/15)
 Temple: D:4-7

Altars:


Innate Abilities, Weirdness & Mutations

You are a hulking beast.
Your limbs bulge with bestial killing power. (Slay +2)
You cannot wear most types of armour.
You are amphibious.
You can wear up to eight rings at the same time.
Your skin changes colour to match your surroundings (Stealth+).
Your rubbery body absorbs attacks. (AC +1, EV +1)
((You are camouflaged when in or above water. (Stealth+)))
You have tentacles for arms and can constrict up to eight enemies at once.


Message History

You tentacle-slap the endoplasm.
You kill the endoplasm!
You hear a shout!
You bludgeon the jelly! The acid corrodes you!
Your tentacles burn!
The jelly is moderately wounded.
The jelly hits you.
You are splashed with acid!
You tentacle-slap the jelly.
Your tentacles burn!
You tentacle-slap the jelly, but do no damage.
The jelly is heavily wounded.
The jelly barely misses you.
You tentacle-slap the jelly.
Your tentacles burn!
You squeeze the jelly.
The jelly is almost dead.
The jelly hits you.
You are splashed with acid!
You barely miss the jelly.
The jelly is almost dead.
The jelly misses you.
You tentacle-slap the jelly.
You kill the jelly!
You tentacle-slap the hound. You grab the hound.
The hound is moderately wounded.
You constrict the hound. The hound completely misses you. The hound bites you.
You tentacle-slap the hound. You squeeze the hound!
You kill the hound!
You barely miss the gnoll. Your grab misses the gnoll.
The gnoll hits you with a +0 spear.
You tentacle-slap the gnoll. You grab the gnoll.
The gnoll is lightly wounded.
You constrict the gnoll. The gnoll hits you with a +0 spear!
* * * LOW HITPOINT WARNING * * *
You tentacle-slap the gnoll.
You tentacle-slap the gnoll, but do no damage.
The gnoll is heavily wounded.
You constrict the gnoll, but do no damage.
The gnoll hits you with a +0 spear.
* * * LOW HITPOINT WARNING * * *
You tentacle-slap the gnoll.
The gnoll is severely wounded.
You constrict the gnoll, but do no damage.
The gnoll hits you with a +0 spear!
You die...

#..########...#.#
#.........#.#.#
#.########....#
#........#######
#.#".....'.....#
#.#..##..#.....#
#.#..##..#..#..#
#.#......#.....#
#.#......#..h..#
#.###########g##
#.#?. gJ#...g#
#.#..#g#.#.(..#
##+#g..g....#
#####....# ######


You could see a gnoll and a goblin.

Vanquished Creatures
  A jelly (D:4)
  A hound (D:4)
  An orc priest (D:4)
  An iguana (D:4)
  Terence (D:3)
  7 adders
  A worm (D:3)
  4 dart slugs
  9 orcs
  4 endoplasms
  A giant cockroach (D:1)
  8 goblins
  10 hobgoblins
  9 jackals (D:3)
  3 quokkas
  7 ball pythons (D:1)
  7 bats
  2 frilled lizards (D:3)
  4 kobolds
  3 rats
84 creatures vanquished.

Notes
Turn   | Place    | Note
-------+----------+-------------------------------------------
     0 | D:1      | LeprechaunX the Octopode Shapeshifter began the quest for
                  | the Orb.
     0 | D:1      | Reached XP level 1. HP: 13/13 MP: 1/1
    93 | D:1      | Reached XP level 2. HP: 18/18 MP: 2/2
   487 | D:1      | Reached XP level 3. HP: 17/23 MP: 3/3
   772 | D:2      | Found a faded altar of an unknown god.
   861 | D:2      | Reached XP level 4. HP: 25/29 MP: 4/4
  1817 | D:3      | Noticed Terence
  1818 | D:3      | Reached XP level 5. HP: 24/34 MP: 5/5
  1834 | D:3      | Killed Terence
  2464 | D:4      | Reached XP level 6. HP: 29/41 MP: 6/6
  2584 | D:4      | HP: 2/41 [gnoll/+0 spear (3)]
  2585 | D:4      | Mangled by a gnoll

Illustrated notes

Levels and vault maps discovered:
D:1:      lightli_arrival_maybe_door_vault, layout_basic
D:2:      layout_basic, dreamdust_ecumenical_altar_statues
D:3:      layout_loops_ring, uniq_terence
D:4:      minmay_clustersquares, layout_basic, minmay_temple_entry_mini_moons,
          enter_ossuary_3, uniq_menkaure

Skill      XL: |  1  2  3  4  5  6 |
---------------+-------------------+-----
Fighting       | 2 |  2.8
Shapeshifting  | 4 |  4.6
Dodging        | 3 |  3.3
Unarmed Combat | 4 |  4.1

Action                     |  1- 3 |  4- 6 || total
---------------------------+-------+-------++-------
  Melee: Unarmed           |    64 |   107 ||   171
         Constrict         |    17 |    29 ||    46
         Tentacles         |     8 |    18 ||    26
         Punch             |     1 |     7 ||     8
  Throw: Javelin           |       |     2 ||     2
   Stab: Sleeping          |     9 |     8 ||    17
 Armour: Skin              |    29 |    46 ||    75
  Dodge: Dodged            |    40 |    51 ||    91

Table legend: (Time is in decaauts)
 A = Elapsed time spent in this place.
 B = Non-inter-level travel time spent in this place.
 C = Inter-level travel time spent in this place.
 D = Time resting spent in this place.
 E = Time spent auto-exploring this place.
 F = Levels seen in this place.
 G = Mean time per level.
                   A        B        C        D        E       F      G
               +--------+--------+--------+--------+--------+-----+--------+
         Total |   2573 |   2422 |    151 |     46 |   1856 |   4 |  643.2 |
       Dungeon |   2573 |   2422 |    151 |     46 |   1856 |   4 |  643.2 |
               +--------+--------+--------+--------+--------+-----+--------+

Top non-repeatable levels by time:
     D:3: 919 daAuts
     D:1: 760 daAuts
     D:2: 563 daAuts
     D:4: 330 daAuts
